 Dungeon Crawl Stone Soup version 0.30-a0-743-gbfdf073431 (webtiles) character file.

Game seed: 8888677194421052180

685 Dirtsage the Chopper (level 7, 0/51 HPs)
             Began as a Demonspawn Gladiator on Feb 8, 2023.
             Was an Initiate of Makhleb.
             Slain by an ice beast (7 damage)
             ... on level 5 of the Dungeon.
             The game lasted 00:08:10 (4400 turns).

Dirtsage the Chopper (Demonspawn Gladiator)         Turns: 4400, Time: 00:08:11

Health: 0/51       AC:  9    Str: 16    XL:     7   Next: 35%
Magic:  8/8        EV: 11    Int: 10    God:    Makhleb [......]
Gold:   274        SH:  0    Dex: 14    Spells: 6/6 levels left

rFire   . . .      SeeInvis .    a - +0 war axe
rCold   . . .      Faith    .    (no shield)
rNeg    . . .      Spirit   .    q - +0 ring mail
rPois   .          Reflect  .    c - +0 helmet
rElec   .          Harm     .    (no cloak)
rCorr   .          Rampage  .    (no gloves)
Will    .....                    (no boots)
Stlth   +                        (no amulet)
HPRegen 0.28/turn                (no ring)
MPRegen 0.11/turn                (no ring)

@: no status effects
A: yellow scales 2, foul stench 1, demonic magic 1
a: Renounce Religion


You were on level 5 of the Dungeon.
You worshipped Makhleb.
Makhleb was noncommittal.
You visited 2 branches of the dungeon, and saw 6 of its levels.
You also visited: Ossuary.

You collected 274 gold pieces.

Inventory:

Hand Weapons
 a - a +0 war axe (weapon)
Missiles
 d - 2 throwing nets (quivered)
 e - 7 javelins
Armour
 b - a +0 leather armour
 c - a +0 helmet (worn)
 q - a +0 ring mail (worn)
Jewellery
 y - a +6 ring of intelligence
Wands
 A - a wand of roots (20)
 B - a wand of charming (13)
Scrolls
 g - a scroll of brand weapon {unknown}
 h - 8 scrolls of identify {unknown}
 j - 2 scrolls of enchant armour {unknown}
 l - 3 scrolls of fear {unknown}
 m - 3 scrolls of teleportation {unknown}
 n - a scroll of amnesia {unknown}
 o - a scroll of summoning {unknown}
 p - 2 scrolls of silence {unknown}
 r - 2 scrolls of immolation
 v - a scroll of fog {unknown}
 x - a scroll of enchant weapon {unknown}
Potions
 f - a potion of might {unknown}
 i - 2 potions of curing {unknown}
 k - 6 potions of heal wounds {unknown}
 s - a potion of lignification {unknown}
 t - 3 potions of mutation {unknown}
 u - 2 potions of brilliance {unknown}
 w - a potion of attraction {unknown}
 z - a potion of flight {unknown}


   Skills:
 + Level 2.3 Fighting
 * Level 7.6 Axes
 - Level 1.7 Throwing
 + Level 0.8 Armour
 - Level 2.6 Dodging
 + Level 1.3 Invocations


You had 6 spell levels left.
You didn't know any spells.
Your spell library contained the following spells:

 Spells                   Type           Power      Damage    Failure   Level
 Magic Dart               Conj           0%         1d3       58%         1
 Searing Ray              Conj           0%         2d4       73%         2
 Fulminant Prism          Conj/Hex       0%         3d5       100%        4


Dungeon Overview and Level Annotations

Branches:
Dungeon (5/15)             Temple (1/1) D:4         Ossuary (visited)

Altars:
Dithmenos
Fedhas
Gozag
Hepliaklqana
Kikubaaqudgha
Makhleb
Okawaru
Ru
Sif Muna
Wu Jian
Xom
Yredelemnul

Shops:
D:4 *


Innate Abilities, Weirdness & Mutations

You are mostly covered in yellow scales. (AC +3)
You may rarely emit foul miasma when damaged in melee.
Spells you cast may paralyse adjacent enemies.


Message History

The ice beast barely misses you.
You hit the ice beast.
The ice beast is lightly wounded.
The ice beast hits you. The ice beast freezes you.
You take 7 damage, and have 44/51 hp.
You closely miss the ice beast.
The ice beast is lightly wounded.
The ice beast hits you. The ice beast freezes you!
You take 9 damage, and have 35/51 hp.
You are too injured to fight recklessly!
You are too injured to fight recklessly!
You are too injured to fight recklessly!
You slash the ice beast!
The ice beast is moderately wounded.
The ice beast hits you. The ice beast freezes you! The ice beast hits you.
The ice beast freezes you!
You take 18 damage, and have 17/51 hp.
MASSIVE DAMAGE!!
You closely miss the ice beast.
The ice beast is moderately wounded.
The ice beast barely misses you.
You hit the ice beast but do no damage.
The ice beast is moderately wounded.
The ice beast closely misses you.
You closely miss the ice beast.
The ice beast is moderately wounded.
The ice beast barely misses you.
You closely miss the ice beast.
The ice beast is moderately wounded.
The ice beast barely misses you.
You hit the ice beast but do no damage.
The ice beast is moderately wounded.
The ice beast hits you. The ice beast freezes you!
* * * LOW HITPOINT WARNING * * *
You take 9 damage, and have 9/51 hp.
You hit the ice beast but do no damage.
The ice beast is moderately wounded.
The ice beast hits you.
* * * LOW HITPOINT WARNING * * *
The ice beast freezes you!
You die...

.... ..
...# .(#
#..##..
#.>...
#....
#... #.Y#
#+###.@##
#.<##...#
#.......+
#......##
#......#
#..##..#
#..##..#
#..##..#
#####..##


You could see an ice beast.

Vanquished Creatures
  Sigmund (D:3)
  Menkaure (D:5)
  A scorpion (D:3)
  A jelly (D:2)
  2 human zombies (Ossuary)
  An orc priest (D:3)
  Natasha (twice) (D:4)
  4 mummies
  6 adders
  3 worms
  A dart slug (D:1)
  3 orcs (D:3)
  4 ball pythons
  6 endoplasms
  6 giant cockroaches
  3 gnoll zombies (Ossuary)
  5 goblins
  5 hobgoblins
  4 jackals (D:2)
  5 kobolds
  2 bats (D:2)
  2 frilled lizards (D:1)
  2 goblin zombies
  A hobgoblin zombie (Ossuary)
  2 orc zombies
  6 rats
79 creatures vanquished.

Vanquished Creatures (others)
  Natasha (D:4)
1 creature vanquished.

Grand Total: 80 creatures vanquished

Notes
Turn   | Place    | Note
-------+----------+-------------------------------------------
     0 | D:1      | Dirtsage the Demonspawn Gladiator began the quest for the
                  | Orb.
     0 | D:1      | Reached XP level 1. HP: 16/16 MP: 1/1
   125 | D:1      | Reached skill level 3 in Axes
   131 | D:1      | Gained mutation: You may rarely emit foul miasma when
                  | damaged in melee. [demonic ancestry]
   131 | D:1      | Reached XP level 2. HP: 18/22 MP: 2/2
   621 | D:2      | Reached skill level 4 in Axes
   621 | D:2      | Gained mutation: You are partially covered in yellow
                  | scales. (AC +2) [demonic ancestry]
   621 | D:2      | Reached XP level 3. HP: 3/27 MP: 3/3
  1009 | D:2      | Gained mutation: You are mostly covered in yellow scales.
                  | (AC +3) [demonic ancestry]
  1009 | D:2      | Reached XP level 4. HP: 33/33 MP: 4/4
  1265 | D:2      | You fall into a shaft and drop 2 floors!
  1464 | D:4      | Found a sand-covered staircase.
  1471 | D:4      | Reached skill level 5 in Axes
  1474 | Ossuary  | Entered an ossuary
  1605 | Ossuary  | Gained mutation: Spells you cast may paralyse adjacent
                  | enemies. [demonic ancestry]
  1605 | Ossuary  | Reached XP level 5. HP: 31/38 MP: 5/5
  2098 | D:4      | Found Gocuoho's Assorted Antiques.
  2244 | D:2      | Reached skill level 6 in Axes
  2795 | D:3      | Reached XP level 6. HP: 44/44 MP: 6/6
  3135 | D:3      | Noticed Sigmund
  3150 | D:3      | Killed Sigmund
  3151 | D:3      | Reached skill level 7 in Axes
  3487 | D:4      | Found a staircase to the Ecumenical Temple.
  3496 | Temple   | Entered the Ecumenical Temple
  3668 | Temple   | Became a worshipper of Makhleb the Destroyer
  3824 | D:4      | Noticed Natasha
  3829 | D:4      | Killed Natasha
  3830 | D:4      | Reached XP level 7. HP: 43/50 MP: 7/7
  3951 | D:4      | Killed Natasha
  4104 | D:4      | Noticed Natasha
  4108 | D:4      | Killed Natasha
  4217 | D:5      | Entered Level 5 of the Dungeon
  4217 | D:5      | Noticed Menkaure
  4226 | D:5      | Killed Menkaure
  4227 | D:5      | Reached skill level 1 in Invocations
  4400 | D:5      | Slain by an ice beast

Illustrated notes

Levels and vault maps discovered:
D:1:      giann_wishing_wells, layout_basic
D:2:      layout_basic
D:3:      layout_basic, mainiacjoe_overflow_cross_hatched, uniq_sigmund
D:4:      layout_loops_ring, lemuel_temple_firewalk_a, gup_sewer_entry_spiral,
          nicolae_ossuary_entry_giza, serial_shops, nicolae_shop_trees,
          uniq_natasha
D:5:      layout_gridville, slow_altar_2, gammafunk_ghost_icy,
          saegor_snake_ambush, uniq_menkaure
Temple:   hellmonk_temple_forest_ring

Skill      XL: |  1  2  3  4  5  6  7 |
---------------+----------------------+-----
Axes           | 3 4 5 6 7 |  7.6
Invocations    | 1 |  1.3
Fighting       | |  2.3
Throwing       | |  1.7
Armour         | |  0.8
Dodging        | |  2.6

Action                     |  1- 3 |  4- 6 |  7- 9 || total
---------------------------+-------+-------+-------++-------
  Melee: War axe           |    56 |   159 |    50 ||   265
         Punch             |     1 |     4 |     1 ||     6
  Throw: Throwing net      |       |     1 |     1 ||     2
   Stab: Held in net/web   |       |       |     1 ||     1
 Armour: Leather armour    |    10 |       |       ||    10
         Ring mail         |     4 |    50 |    12 ||    66
  Dodge: Dodged            |    31 |    71 |    20 ||   122

Table legend: (Time is in decaauts)
 A = Elapsed time spent in this place.
 B = Non-inter-level travel time spent in this place.
 C = Inter-level travel time spent in this place.
 D = Time resting spent in this place.
 E = Time spent auto-exploring this place.
 F = Levels seen in this place.
 G = Mean time per level.
                   A        B        C        D        E       F      G
               +--------+--------+--------+--------+--------+-----+--------+
         Total |   4499 |   4216 |    283 |    183 |   3285 |   7 |  642.7 |
       Dungeon |   3954 |   3691 |    263 |     97 |   2974 |   5 |  790.8 |
        Temple |    178 |    158 |     20 |      0 |    141 |   1 |  178.0 |
       Ossuary |    366 |    366 |      0 |     86 |    170 |   1 |  366.0 |
               +--------+--------+--------+--------+--------+-----+--------+

Top non-repeatable levels by time:
     D:4: 1180 daAuts
     D:2: 1100 daAuts
     D:3: 883 daAuts
     D:1: 604 daAuts
 Ossuary: 366 daAuts
     D:5: 184 daAuts
  Temple: 178 daAuts
